 Dungeon Crawl Stone Soup version 0.29-a0-284-gf9362112df (webtiles) character file.

Game seed: 9357232954435323758

44 GigaChad the Insei (level 3, -1/26 HPs)
             Began as a Human Transmuter on Mar 30, 2022.
             Slain by a hound (3 damage)
             ... on level 3 of the Dungeon.
             The game lasted 00:11:08 (1698 turns).

GigaChad the Insei (Human Transmuter)               Turns: 1698, Time: 00:11:09

Health: -1/26      AC:  5    Str: 16    XL:     3   Next: 87%
Magic:  6/6        EV: 11    Int: 13    God:
Gold:   135        SH:  0    Dex: 15    Spells: 5/6 levels left

rFire   . . .      SeeInvis .   h - +1 trident
rCold   . . .      Faith    .   (no shield)
rNeg    . . .      Spirit   .   c - +0 ring mail
rPois   .          Reflect  .   (no helmet)
rElec   .          Harm     .   (no cloak)
rCorr   .          Rampage  .   (no gloves)
Will    .....                   (no boots)
Stlth   +.........              f - amulet of magic regeneration
HPRegen 0.08/turn               e - +6 ring of strength
MPRegen 0.50/turn               (no ring)

@: no status effects
A: no striking features
a: no special abilities


You were on level 3 of the Dungeon.
You visited 1 branch of the dungeon, and saw 3 of its levels.

You collected 135 gold pieces.

Inventory:

Hand Weapons
 h - a +1 trident (weapon)
 k - a +0 rapier
Armour
 a - a +0 robe
 c - a +0 ring mail (worn)
Jewellery
 e - a +6 ring of strength (left hand)
 f - an amulet of magic regeneration (around neck)
Scrolls
 d - 2 scrolls of holy word
Potions
 b - a potion of lignification
 g - a potion of heal wounds {unknown}
 j - a potion of degeneration {unknown}
 l - 2 potions of curing {unknown}


   Skills:
 + Level 1.3 Fighting
 + Level 1.9 Polearms
 + Level 0.7 Armour
 + Level 2.2 Dodging
 + Level 3.2 Unarmed Combat
 + Level 2.1 Spellcasting
 + Level 2.1 Transmutations


You had 5 spell levels left.
You knew the following spells:

 Your Spells              Type           Power      Damage    Failure   Level
a - Beastly Appendage     Tmut           12%        N/A       21%         1

Your spell library contained the following spells:

 Spells                   Type           Power      Damage    Failure   Level
 Wereblood                Tmut           6%         N/A       30%         2
 Spider Form              Tmut/Pois      4%         N/A       67%         3
 Ice Form                 Ice/Tmut       4%         N/A       97%         4


Dungeon Overview and Level Annotations

Branches:
Dungeon (3/15)

Altars:


Message History

You hit the hound.
The hound is severely wounded.
The hound barely misses you.
You barely miss the hound.
The hound is severely wounded.
The hound bites you but does no damage. The hound bites you.
The worm closely misses you.
You miss the hound.
The hound is severely wounded.
The hound bites you but does no damage. The hound closely misses you.
The worm bites you.
You closely miss the hound.
The hound is severely wounded.
The hound misses you. The hound bites you.
A scorpion comes into view.
You barely miss the worm. The hound bites you. The worm bites you.
The hound barely misses you.
You hit the worm.
The worm is moderately wounded.
The hound completely misses you. The worm barely misses you.
The hound stops to sniff the ground.
The hound closely misses you.
You hit the worm.
The worm is heavily wounded.
The hound bites you. The worm bites you but does no damage.
You puncture the worm!
The worm is almost dead.
The hound bites you but does no damage. The hound bites you.
* * * LOW HITPOINT WARNING * * *
The scorpion closely misses you. The worm bites you.
* * * LOW HITPOINT WARNING * * *
The hound bites you.
* * * LOW HITPOINT WARNING * * *
The hound closely misses you.
There is a stone staircase leading up here.
The scorpion attacks as you move away!
The scorpion stings you but does no damage.
The hound misses you. The scorpion barely misses you. The hound bites you.
You die...

###### # .....
....... ♣...#..
♣.....#####
♣....@hs$#
♣.♣....w..#
♣.♣......#
♣.♣....$..#
♣..........#
♣...............
♣.."#............
................#
.......!.......


You could see a worm, a scorpion and a hound.

Vanquished Creatures
  An adder (D:2)
  2 dart slugs
  2 ball pythons (D:2)
  3 bats
  An endoplasm (D:2)
  2 giant cockroaches (D:2)
  A goblin (D:2)
  7 hobgoblins
  A frilled lizard (D:2)
  5 kobolds
  A rat (D:1)
26 creatures vanquished.

Vanquished Creatures (others)
  A quokka (D:2)
1 creature vanquished.

Grand Total: 27 creatures vanquished

Notes
Turn   | Place    | Note
-------+----------+-------------------------------------------
     0 | D:1      | GigaChad the Human Transmuter began the quest for the Orb.
     0 | D:1      | Reached XP level 1. HP: 15/15 MP: 3/3
   506 | D:1      | Reached XP level 2. HP: 21/21 MP: 5/5
   987 | D:2      | Reached skill level 1 in Polearms
   987 | D:2      | Reached XP level 3. HP: 16/26 MP: 6/6
  1689 | D:3      | Noticed a scorpion
  1694 | D:3      | HP: 1/26 [hound (2)]
  1698 | D:3      | Slain by a hound

Illustrated notes

Levels and vault maps discovered:
D:1:      dpeg_arrival_yet_another_circle, layout_basic
D:2:      layout_loops_cross
D:3:      layout_rooms, general_overflow_altar, okawaru_trees_2, serial_shops,
          nicolae_diamond_shop, nicolae_shop_window_shopping, shop_coins,
          portal_sewer_entry_a, shapermc_ecumenical_altar_mp_vishouse,
          chequers_serial_rivers_room_a, uniq_terence, uniq_ijyb

Skill      XL: |  1  2 |
---------------+-------+-----
Polearms       | 1 |  1.9
Fighting       | |  1.3
Armour         | |  0.7
Dodging        | |  2.2
Unarmed Combat | |  3.2
Spellcasting   | |  2.1
Transmutations | |  2.1

Action                   || total
-------------------------++-------
Melee: Unarmed           ||    11
       Trident           ||   107
       Punch             ||     1
 Cast: Beastly Appendage ||     3
  Use: Scroll            ||     6
       Potion            ||     1
Armor: Ring mail         ||   115
Dodge: Dodged            ||   175

Table legend: (Time is in decaauts)
 A = Elapsed time spent in this place.
 B = Non-inter-level travel time spent in this place.
 C = Inter-level travel time spent in this place.
 D = Time resting spent in this place.
 E = Time spent auto-exploring this place.
 F = Levels seen in this place.
 G = Mean time per level.
                   A        B        C        D        E       F      G
               +--------+--------+--------+--------+--------+-----+--------+
         Total |   1723 |   1703 |     20 |      0 |      0 |   3 |  574.3 |
       Dungeon |   1723 |   1703 |     20 |      0 |      0 |   3 |  574.3 |
               +--------+--------+--------+--------+--------+-----+--------+

Top non-repeatable levels by time:
     D:1: 928 daAuts
     D:2: 769 daAuts
     D:3: 25 daAuts
